Map: Orbital Shipyard

Players

Miszu - Winner!

  • Race: Terran Terran
  • League: Master

RadekDaNa

  • Race: Zerg Zerg
  • League: Master

VOD

Have the link to the VOD?

Description

Time

  • Played on: Feb. 6, 2016, 6:34 a.m.
  • Length: 11:51
Show
View Real Time Build Order
Export as new Build Order

Miszu Terran - Winner!

Build Orders: Bio Mine 

Get SALT Encoding   

  12  0:00  SCV  
  13  0:13  SCV  
  14  0:19  Supply Depot  
  14  0:25  SCV  
  15  0:40  SCV  
  16  0:43  Barracks  
  16  0:46  Refinery  
  16  0:53  SCV  
  17  1:05  SCV  
  18  1:17  SCV  
  19  1:30  Barracks Reactor, Orbital Command  
  19  1:39  Command Center  
  19  1:49  Supply Depot  
  19  1:56  SCV  
  20  2:07  Reaper x2  
  20  2:08  SCV  
  23  2:20  SCV  
  24  2:29  Command Center  
  24  2:32  SCV  
  25  2:42  Reaper x2  
  27  2:45  SCV  
  27  2:50  Orbital Command  
  28  2:57  SCV  
  29  3:07  Barracks  
  29  3:09  SCV  
  29  3:10  Barracks  
  29  3:12  Refinery  
  30  3:20  SCV  
  30  3:21  Reaper, SCV  
  30  3:22  Reaper  
  34  3:32  SCV  
  34  3:33  SCV  
  34  3:43  Orbital Command  
  34  3:44  SCV  
  34  3:45  SCV  
  36  3:55  Barracks Tech Lab  
  36  3:56  Factory, SCV  
  36  3:57  SCV  
  36  4:00  Barracks Tech Lab  
  38  4:04  Refinery  
  38  4:05  Refinery  
  38  4:06  Marine x2  
  38  4:08  SCV  
  38  4:09  SCV x2  
  43  4:11  Supply Depot  
  43  4:19  Marine, Stimpack  
  43  4:20  SCV  
  43  4:23  Marine, Orbital Command  
  46  4:24  SCV  
  47  4:32  Marine, SCV  
  47  4:33  Marine  
  47  4:36  SCV  
  47  4:38  Engineering Bay  
  51  4:39  Engineering Bay  
  51  4:42  Marine  
  51  4:44  SCV, Factory Reactor  
  51  4:45  Starport, Marine  
  53  4:48  SCV  
  53  4:49  SCV  
  53  4:50  Marine x2  
  58  4:58  Combat Shields  
  58  4:59  Marine, SCV  
  59  5:03  Supply Depot, Marine  
  59  5:05  Supply Depot  
  61  5:08  SCV x2  
  61  5:11  Terran Infantry Weapons Level 1, Terran Infantry Armor Level 1  
  63  5:15  SCV  
  63  5:20  SCV x2  
  66  5:21  Missile Turret  
  66  5:24  Missile Turret  
  66  5:27  SCV  
  67  5:30  Factory Reactor  
  67  5:32  SCV x2  
  67  5:34  Medivac x2  
  73  5:38  Missile Turret  
  73  5:39  SCV  
  73  5:41  Bunker  
  74  5:44  SCV  
  74  5:45  SCV  
  74  5:49  Armory  
  76  5:51  Marauder, SCV  
  76  5:54  Marine, Marauder  
  76  5:55  Marine  
  76  5:56  SCV  
  84  5:57  SCV  
  85  6:04  Barracks  
  85  6:05  Barracks  
  85  6:28  SCV  
  85  6:39  Supply Depot, Marine x3, Medivac x2, Widow Mine x2, SCV x2  
  99  6:40  Supply Depot x2, SCV  
  99  6:42  Supply Depot  
  99  6:43  Terran Vehicle Weapons Level 1  
  99  6:46  Factory, Refinery  
  100  6:47  Barracks Reactor, Refinery  
  100  6:51  SCV x2  
  101  6:55  Barracks Reactor  
  101  6:56  Barracks Reactor  
  101  6:57  Marine  
  101  7:00  Marine, SCV  
  102  7:06  SCV x2  
  102  7:07  Widow Mine  
  106  7:09  Terran Infantry Armor Level 2  
  106  7:10  Marine  
  107  7:15  Marine  
  107  7:17  Barracks  
  107  7:18  Marine, Barracks x2  
  107  7:20  SCV x3  
  110  7:28  Marine  
  111  7:32  SCV x3  
  111  7:33  Marine  
  111  7:34  Supply Depot  
  111  7:35  Marine x2  
  111  7:36  Marine  
  117  7:43  Marine  
  117  7:44  Marine x3, SCV x3, Widow Mine x2  
  116  7:45  Medivac x2  
  116  7:46  Marine  
  116  7:48  Terran Infantry Weapons Level 2  
  116  7:51  Marine  
  130  7:52  Factory Tech Lab  
  130  7:57  Supply Depot  
  130  7:58  Marine  
  132  7:59  Supply Depot  
  132  8:03  Marine  
  132  8:04  Marine x4  
  137  8:06  Marine  
  137  8:12  Barracks Tech Lab x3  
  138  8:13  Marauder  
  138  8:15  Drilling Claws  
  138  8:18  Hellion, Widow Mine x2  
  146  8:25  Medivac x2  
  150  8:29  Marine, Missile Turret  
  150  8:30  Marine, Missile Turret  
  150  8:31  Missile Turret  
  152  8:34  Supply Depot, Marauder  
  152  8:36  Supply Depot  
  152  8:38  Marine  
  152  8:39  Widow Mine  
  152  8:40  Supply Depot  
  157  8:55  Marine x4, Widow Mine  
  157  8:56  Marauder  
  157  8:57  Marine, Widow Mine  
  157  8:58  Marauder x2  
  171  9:07  Widow Mine  
  171  9:08  Medivac, Marauder  
  171  9:09  Medivac  
  179  9:13  Supply Depot  
  179  9:14  Supply Depot x2  
  179  9:19  Command Center  
  179  9:21  Marine  
  179  9:22  Marine  
  181  9:34  Widow Mine  
  181  9:35  Marine x7  
  177  9:38  Medivac  
  177  9:39  Medivac  
  177  9:45  Marauder  
  175  9:46  Marine  
  175  9:47  Marine x2, Marauder  
  176  9:53  Marine x2  
  176  9:54  Marine, Marauder  
  176  9:55  Marine x3  
  164  10:04  Marine x2  
  164  10:05  Marauder  
  164  10:06  Marine  
  154  10:07  Marine  
  154  10:08  Widow Mine  
  154  10:09  Medivac, Widow Mine  
  154  10:10  Marine x2  
  154  10:11  Widow Mine  
  154  10:12  Marine  
  154  10:13  Marine x3  
  169  10:15  Marauder  
  171  10:22  Marine x2  
  171  10:24  Marine  
  171  10:25  Marine  
  171  10:26  Marine  
  159  10:28  Marine x2  
  159  10:30  Marine  
  159  10:31  Marine x3  
  165  10:36  Marine  
  165  10:37  Widow Mine  
  165  10:38  Widow Mine  
  165  10:39  Marine, Medivac x2, Widow Mine  
  165  10:40  Marine  
  165  10:41  Marine  
  179  10:43  Marine  
  179  10:44  Marine  
  179  10:46  Marine  
  182  10:54  Marauder  
  184  11:00  Marauder  
  186  11:05  Widow Mine  
  186  11:06  Widow Mine  
  186  11:09  SCV  
  186  11:10  Marine x5  
Show
View Real Time Build Order
Export as new Build Order

RadekDaNa Zerg 

Build Orders: Hatch First, Muta Ling Bane 

Get SALT Encoding   

  12  0:00  Drone  
  13  0:12  Overlord  
  13  0:17  Drone  
  14  0:31  Drone x2  
  14  0:35  Drone  
  17  0:52  Hatchery  
  17  0:54  Drone  
  17  0:57  Drone  
  17  0:59  Extractor  
  17  1:13  Spawning Pool  
  17  1:15  Drone  
  17  1:20  Drone  
  18  1:28  Drone  
  19  1:39  Overlord  
  19  2:00  Zergling x2, Queen  
  19  2:01  Metabolic Boost, Zergling x2  
  23  2:03  Queen  
  23  2:06  Drone  
  26  2:11  Drone  
  28  2:15  Drone  
  28  2:22  Drone  
  29  2:29  Drone  
  30  2:35  Queen, Drone  
  33  2:40  Overlord  
  33  2:45  Drone  
  33  2:50  Drone  
  35  2:54  Drone  
  36  2:58  Overlord  
  36  3:06  Zergling x2  
  36  3:07  Drone x2  
  36  3:08  Zergling x2, Drone  
  36  3:11  Lair  
  36  3:12  Queen  
  43  3:15  Drone  
  43  3:17  Drone  
  43  3:19  Drone  
  46  3:21  Extractor  
  46  3:22  Drone  
  46  3:25  Drone  
  47  3:28  Drone  
  47  3:30  Drone  
  48  3:37  Extractor  
  48  3:38  Drone  
  48  3:41  Drone  
  48  3:44  Drone x2  
  48  3:46  Overlord  
  48  3:48  Extractor  
  50  3:49  Drone  
  50  3:52  Overlord  
  51  4:04  Drone x4  
  55  4:11  Spire  
  55  4:14  Drone  
  55  4:15  Hatchery  
  54  4:20  Drone x2  
  54  4:23  Overlord  
  54  4:24  Zergling x4  
  57  4:30  Overlord  
  58  4:34  Overlord  
  58  4:37  Zergling x4  
  60  4:44  Overlord  
  60  4:57  Overlord  
  60  4:58  Overlord  
  60  5:22  Mutalisk x8  
  60  5:24  Drone  
  60  5:25  Drone x2  
  60  5:26  Drone  
  60  5:27  Drone  
  81  5:30  Queen  
  81  5:34  Drone  
  81  5:35  Drone  
  85  5:39  Drone  
  85  5:40  Drone  
  87  5:43  Evolution Chamber x2  
  87  5:44  Drone  
  87  5:45  Baneling Nest  
  87  5:49  Drone x2  
  87  5:51  Drone x2  
  87  5:52  Extractor  
  87  5:53  Drone  
  87  5:55  Extractor  
  88  5:57  Overlord  
  88  5:59  Drone x2  
  88  6:00  Spore Crawler, Drone x2  
  91  6:05  Drone  
  91  6:07  Drone x3  
  91  6:11  Drone  
  96  6:15  Drone  
  96  6:17  Drone  
  98  6:22  Drone  
  98  6:23  Drone x2  
  98  6:25  Drone  
  102  6:29  Overlord  
  102  6:32  Drone x2  
  104  6:36  Zergling x4  
  104  6:38  Baneling x3  
  106  6:40  Zergling x6  
  106  6:47  Zergling x6  
  111  6:52  Centrifical Hooks  
  111  6:53  Zerg Melee Weapons Level 1, Zerg Ground Armor Level 1  
  111  6:54  Overlord  
  112  6:59  Zergling x2  
  112  7:00  Zergling x6  
  112  7:01  Baneling x4  
  116  7:03  Overlord  
  116  7:06  Baneling  
  116  7:07  Zergling x2, Baneling x3  
  116  7:08  Zergling x4  
  119  7:10  Overlord  
  119  7:14  Zergling x8, Hatchery  
  122  7:23  Overlord  
  122  7:24  Mutalisk  
  122  7:25  Mutalisk x3  
  130  7:33  Infestation Pit, Zergling x8  
  133  7:44  Overlord, Pneumatized Carapace  
  129  7:47  Overseer  
  129  7:48  Zerg Flyer Weapons Level 1, Zergling x4  
  129  7:49  Zergling x6  
  134  7:56  Baneling x4  
  134  7:58  Overlord  
  134  8:02  Zergling x16  
  142  8:07  Drone  
  142  8:08  Drone x3  
  142  8:09  Baneling x3  
  142  8:12  Hive  
  146  8:17  Zergling x2  
  147  8:23  Zergling x6  
  148  8:27  Baneling x2, Queen, Drone  
  148  8:28  Drone x3  
  154  8:36  Overlord x2  
  154  8:37  Baneling  
  154  8:38  Baneling x2  
  154  8:39  Mutalisk x3  
  160  8:41  Zergling x2  
  160  8:42  Zergling x4  
  160  8:43  Baneling x3  
  160  8:48  Overlord  
  163  8:50  Zerg Ground Armor Level 2, Zerg Melee Weapons Level 2  
  163  8:53  Zergling x6  
  164  9:04  Zergling x12  
  164  9:05  Zergling x4  
  172  9:11  Baneling x7  
  172  9:14  Overlord x2  
  172  9:26  Adrenal Glands  
  172  9:28  Zergling x8, Ultralisk Cavern  
  172  9:29  Zergling x14  
  172  9:30  Hatchery  
  174  9:41  Baneling x7  
  174  9:45  Zergling x18  
  176  9:47  Baneling x11  
  176  9:50  Overlord  
  176  9:51  Zergling x6  
  147  10:00  Zergling x2  
  147  10:02  Zergling x2  
  147  10:03  Zergling x12  
  138  10:08  Zergling x6  
  138  10:11  Baneling x6  
  138  10:14  Zergling x2  
  138  10:16  Overseer x3  
  138  10:19  Zergling x6  
  117  10:28  Zergling x8  
  117  10:30  Baneling x7  
  118  10:38  Ultralisk x2  
  118  10:41  Ultralisk  
  118  10:42  Zergling x16  
  144  10:45  Zergling x6  
  144  10:48  Extractor, Baneling x4  
  144  10:49  Zergling x2  
  148  10:50  Zergling x2  
  148  10:57  Zergling x8  
  152  11:09  Zergling x4  
  152  11:10  Zergling x24  
  161  11:13  Overlord  
  161  11:17  Zergling x4  
  151  11:23  Overlord  
  151  11:25  Zergling x4  
  142  11:29  Overlord, Zergling x2  
Tags
 
Add a new tag
Caveats
  • Supply blocks, unpowered buildings, or Contaminate may cause inaccurate times.
  • Supply counts are checked every 10 seconds.